 Dungeon Crawl Stone Soup version 0.29.1-12-g30fa7ad0bf (webtiles) character file.

Game seed: 12052880065221851743

653 venomsnake the Magician (level 7, -3/36 HPs)
             Began as a Deep Elf Conjurer on Dec 26, 2022.
             Was an Initiate of Vehumet.
             Slain by a wight
             ... wielding a +3 great sword
              (15 damage)
             ... on level 6 of the Dungeon.
             The game lasted 00:11:46 (3734 turns).

venomsnake the Magician (Deep Elf Conjurer)         Turns: 3734, Time: 00:11:46

Health: -3/36      AC:  2    Str:  4    XL:     7   Next: 29%
Magic:  19/19      EV: 12    Int: 31    God:    Vehumet [......]
Gold:   263        SH:  0    Dex: 13    Spells: 17/20 levels left

rFire   . . .      SeeInvis .   i - +2 dagger (flame)
rCold   . . .      Faith    .   (no shield)
rNeg    . . .      Spirit   .   a - +0 robe
rPois   .          Reflect  .   (no helmet)
rElec   .          Harm     .   (no cloak)
rCorr   .          Rampage  .   (no gloves)
Will    .....                   (no boots)
Stlth   ++........              g - amulet of magic regeneration
HPRegen 0.12/turn               y - +6 ring of intelligence
MPRegen 0.56/turn               (no ring)

@: no status effects
A: no striking features
a: Renounce Religion


You were on level 6 of the Dungeon.
You worshipped Vehumet.
Vehumet was noncommittal.
You visited 1 branch of the dungeon, and saw 6 of its levels.

You collected 263 gold pieces.

Inventory:

Hand Weapons
 i - a +2 dagger of flaming (weapon)
Missiles
 p - 2 throwing nets
Armour
 a - a +0 robe (worn)
Jewellery
 g - an amulet of magic regeneration (around neck)
 r - a ring of positive energy
 y - a +6 ring of intelligence (left hand)
Scrolls
 c - a scroll of magic mapping {unknown}
 d - 2 scrolls of poison {unknown}
 f - 5 scrolls of identify {unknown}
 j - 4 scrolls of teleportation {unknown}
 k - 2 scrolls of immolation {unknown}
 l - a scroll of noise {unknown}
 n - 3 scrolls of butterflies {unknown}
 t - a scroll of vulnerability {unknown}
 w - a scroll of enchant weapon {unknown}
 x - a scroll of blinking {unknown}
Potions
 b - a potion of magic
 e - 2 potions of cancellation {unknown}
 h - 3 potions of haste {unknown}
 m - a potion of degeneration {unknown}
 o - 2 potions of might {unknown}
 q - 2 potions of curing {unknown}
 s - a potion of flight {unknown}
 u - a potion of resistance {unknown}
 v - a potion of brilliance {unknown}


   Skills:
 - Level 2.4 Dodging
 - Level 2.4 Stealth
 + Level 7.2 Spellcasting
 + Level 6.8 Conjurations
 - Level 4.0 Translocations


You had 17 spell levels left.
You knew the following spells:

 Your Spells              Type           Power      Damage    Failure   Level
a - Magic Dart            Conj           100%       1d8       1%          1
b - Searing Ray           Conj           100%       2d8       1%          2

Your spell library contained the following spells:

 Spells                   Type           Power      Damage    Failure   Level
 Foxfire                  Conj/Fire      100%       2x1d9     1%          1
 Conjure Flame            Conj/Fire      32%        6-21      3%          3
 Dazzling Flash           Conj/Hex       64%        N/A       3%          3
 Stone Arrow              Conj/Erth      64%        3d11      3%          3
 Freeze                   Ice            44%        1d6       4%          1
 Sandblast                Erth           22%        2d7       4%          1
 Iskenderun's Mystic Bla  Conj/Tloc      44%        2d10      4%          4
 Passwall                 Tmut/Erth      9%         N/A       7%          2
 Flame Wave               Conj/Fire      32%        2d9       11%         4
 Fulminant Prism          Conj/Hex       16%        3d11      11%         4
 Hailstorm                Conj/Ice       32%        3d8       11%         4
 Frozen Ramparts          Ice            22%        1d4       13%         3
 Inner Flame              Hex/Fire       11%        N/A       13%         3


Dungeon Overview and Level Annotations

Branches:
Dungeon (6/15)             Temple (0/1) D:4

Altars:
Cheibriados
Gozag
Vehumet
Zin

Shops:
D:1 :


Message History

Casting: Searing Ray (safe; 1% risk of failure)
Confirm with . or Enter, or press ? or * to list all spells.
Restarting spell: Searing Ray (safe; 1% risk of failure)
Press: ? - help, Shift-Dir - straight line, f/p - ogre
Aim: an ogre, wielding a +0 giant club (heavily wounded, 92% to hit)
The searing ray hits the ogre!
The ogre is severely wounded. (Press . to maintain the ray.)
The ogre closely misses you.
Casting: Searing Ray (safe; 1% risk of failure)
Confirm with . or Enter, or press ? or * to list all spells.
Restarting spell: Searing Ray (safe; 1% risk of failure)
Press: ? - help, Shift-Dir - straight line, f/p - ogre
Aim: an ogre, wielding a +0 giant club (severely wounded, 92% to hit)
The searing ray hits the ogre!
You kill the ogre!
Vehumet accepts your kill. (Press . to maintain the ray.)
Your Spellcasting skill increases to level 7!
You start resting.
Magic restored.
Things that are here:
a +0 giant club; an ogre corpse
There is an open door here.
As you open the door, it creaks loudly!
An iguana, a centaur, 3 wights and a hound come into view.
The hound barks!
The iguana hisses angrily.
The centaur shouts!
The centaur wields a +0 shortbow.
The centaur shoots an arrow.
The arrow hits you! The wight attacks as you move away!
The wight closely misses you.
The wight hits you with a +3 great sword!
There is an open door, spattered with blood here.
Things that are here:
a +0 giant club; an ogre corpse The wight attacks as you move away!
The wight closely misses you. The wight attacks as you move away!
The wight completely misses you. The wight attacks as you move away!
The wight barely misses you.
There is a stone staircase leading up here.
The wight hits you with a +3 great sword!
You die...

#.# #.#
######.#
......< ..##.#
### #.##.#
..##
..######.##.#
O..+
.....:.....@#
...#
.######.)#z##
####..#
#.##h####..#'#
#.##..h'z...#
#.######z...#
... ##..## #..
##z# #.. #.c#
.l..#


You could see a hound and a wight.

Vanquished Creatures
  A centaur (D:5)
  2 ogres
  A wight (D:6)
  A hound (D:5)
  An orc priest (D:3)
  2 iguanas (D:4)
  An orc wizard (D:3)
  4 gnolls (D:3)
  11 adders
  2 worms
  A dart slug (D:1)
  6 orcs
  3 endoplasms
  2 giant cockroaches
  7 goblins
  3 hobgoblins
  4 jackals (D:4)
  3 quokkas
  4 ball pythons
  6 bats
  4 frilled lizards
  8 kobolds
  4 rats
81 creatures vanquished.

Notes
Turn   | Place    | Note
-------+----------+-------------------------------------------
     0 | D:1      | venomsnake the Deep Elf Conjurer began the quest for the
                  | Orb.
     0 | D:1      | Reached XP level 1. HP: 10/10 MP: 6/6
   182 | D:1      | Found a faded altar of an unknown god.
   198 | D:1      | Reached XP level 2. HP: 15/15 MP: 5/8
   201 | D:1      | Learned a level 2 spell: Searing Ray
   381 | D:1      | Found Xiuwux's Book Shoppe.
   421 | D:1      | Reached skill level 1 in Translocations
   485 | D:1      | You fall into a shaft and drop 1 floor!
   772 | D:1      | Reached XP level 3. HP: 19/19 MP: 8/10
   949 | D:2      | Reached skill level 4 in Spellcasting
  1009 | D:2      | Reached skill level 5 in Conjurations
  1070 | D:2      | Reached XP level 4. HP: 21/24 MP: 7/12
  1256 | D:2      | Identified the +2 leather armour of the Depths {MP-9 Str+2
                  | Slay+2 SInv}
  1607 | D:3      | Reached XP level 5. HP: 28/28 MP: 11/14
  1729 | D:3      | Reached skill level 5 in Spellcasting
  1826 | D:3      | Found an opulent altar of Gozag.
  1827 | D:3      | Found a glowing silver altar of Zin.
  1828 | D:3      | Found a snail-covered altar of Cheibriados.
  1829 | D:3      | Found a radiant altar of Vehumet.
  1861 | D:3      | Became a worshipper of Vehumet
  2794 | D:4      | Reached XP level 6. HP: 32/32 MP: 11/16
  2859 | D:4      | Found a staircase to the Ecumenical Temple.
  2985 | D:5      | Entered Level 5 of the Dungeon
  3341 | D:5      | Reached skill level 6 in Spellcasting
  3576 | D:5      | Reached XP level 7. HP: 36/36 MP: 16/19
  3707 | D:6      | Reached skill level 7 in Spellcasting
  3734 | D:6      | Slain by a wight

Illustrated notes

Levels and vault maps discovered:
D:1:      grunt_arrival_lava_bath, layout_basic, serial_shops, shop_fountains,
          basic_ecumenical_altar
D:2:      layout_basic, minmay_misc_feat_more_columns
D:3:      layout_rooms, mainiacjoe_overflow_alcove_3
D:4:      layout_loops_corners, lemuel_temple_firewalk_b
D:5:      layout_rooms
D:6:      minmay_bubble_buster, layout_loops_ring, uniq_duvessa

Skill      XL: |  1  2  3  4  5  6  7 |
---------------+----------------------+-----
Translocations | 1 2 3 4 |  4.0
Spellcasting   | 4 5 6 7 |  7.2
Conjurations   | 5 6 |  6.8
Dodging        | |  2.4
Stealth        | |  2.4

Action                   |  1- 3 |  4- 6 |  7- 9 || total
-------------------------+-------+-------+-------++-------
 Cast: Magic Dart        |    67 |   105 |       ||   172
       Searing Ray       |     3 |    22 |     7 ||    32
Armor: Robe              |     1 |     4 |       ||     5
Dodge: Dodged            |     6 |    10 |     5 ||    21
